 Dungeon Crawl Stone Soup version 0.18.1-6-gd335043 (webtiles) character file.

8276 inmateoo the Grappler (level 11, -5/87 HPs)
             Began as a Yellow Draconian Transmuter on May 15, 2016.
             Was an Elder of Cheibriados.
             Killed by divine providence
             ... invoked by an orc priest
              (9 damage)
             ... on level 10 of the Dungeon on May 16, 2016.
             The game lasted 00:17:25 (10075 turns).

inmateoo the Grappler (DrTm)                       Turns: 10075, Time: 00:17:26

Health: -5/87      AC:  9    Str: 25    XL:     11   Next: 7%
Magic:  12/14      EV: 14    Int: 24    God:    Cheibriados [****..]
Gold:   399        SH: 13    Dex: 20    Spells: 4 memorised, 4 levels left

rFire  . . .     SeeInvis +     r - +4 whip (elec)
rCold  . . .     Gourm    .     (armour unavailable)
rNeg   . . .     Faith    .     E - +2 shield of Beogh's Scorn {rPois Int+3 SInv}
rPois  +         Spirit   .     (helmet restricted)
rElec  .         Dismiss  .     (no cloak)
rCorr  +         Reflect  .     (no gloves)
SustAt +         Harm     .     e - +1 pair of boots
MR     .....                    (no amulet)
Stlth  ++........               m - ring of sustain attributes
                                (no ring)

@: very slow, not resistant to hostile enchantments, unstealthy
A: spit acid, acid resistance, unfitting armour, talons 1, blurry vision 1,
deterioration 1, dopey 1, frail 1, mutation resistance 1, cold-blooded, AC +7
a: Spit Acid, Bend Time, Temporal Distortion, Slouch, Renounce Religion


You were on level 10 of the Dungeon.
You worshipped Cheibriados.
Cheibriados was greatly pleased with you.
You were near starving.

You visited 2 branches of the dungeon, and saw 11 of its levels.
You also visited: Ossuary.

You collected 399 gold pieces.

Inventory:

Hand Weapons
 r - a +4 whip of electrocution (weapon)
Missiles
 a - 199 arrows
Armour
 e - a +1 pair of boots (worn)
 E - the +2 shield of Beogh's Scorn (worn) {rPois Int+3 SInv}
   (You found it on level 9 of the Dungeon)

   It affects your intelligence (+3).
   It protects you from poison.
   It lets you see invisible.
Jewellery
 m - a ring of sustain attributes (right hand)
 w - an uncursed ring of fire
Wands
 A - a wand of flame (17/48)
 B - a wand of acid (8/15)
 D - a wand of acid (8/15)
Scrolls
 d - 11 scrolls of remove curse
 f - a scroll of enchant armour
 g - a scroll of recharging
 o - 2 scrolls of amnesia
 p - 2 scrolls of blinking
 q - a scroll of teleportation
Potions
 s - a potion of agility
 t - 2 potions of berserk rage
 u - 2 potions of flight
 v - a potion of cancellation
 x - 2 potions of lignification
 F - a potion of brilliance
Books
 b - a book of Changes

   Spells                             Type                      Level
   a - Beastly Appendage              Transmutation                1
   b - Sticks to Snakes               Transmutation                2
   c - Spider Form                    Transmutation/Poison         3
   d - Ice Form                       Ice/Transmutation            4
   e - Blade Hands                    Transmutation                5
 h - a book of Geomancy

   Spells                             Type                      Level
   a - Sandblast                      Earth                        1
   b - Passwall                       Transmutation/Earth          2
   c - Stone Arrow                    Conjuration/Earth            3
   d - Petrify                        Transmutation/Earth          4
   e - Lee's Rapid Deconstruction     Earth                        5
 l - a book of the Warp

   Spells                             Type                      Level
   a - Recall                         Summoning/Translocation      3
   b - Gell's Gravitas                Hexes/Translocation          3
   c - Force Lance                    Conjuration/Translocation    4
   d - Warp Weapon                    Charms/Translocation         5
   e - Summon Forest                  Summoning/Translocation      5
 y - a book of Unlife

   Spells                             Type                      Level
   a - Recall                         Summoning/Translocation      3
   b - Animate Dead                   Necromancy                   4
   c - Control Undead                 Necromancy                   4
   d - Cigotuvi's Embrace             Necromancy                   5
   e - Death Channel                  Necromancy                   6
   f - Simulacrum                     Ice/Necromancy               6
Miscellaneous
 C - a lamp of fire (inert)
Comestibles
 c - 8 bread rations
 i - 3 meat rations
 k - 28 fruits
 n - a beef jerky


   Skills:
 * Level 9.2 Fighting
 * Level 7.8 Maces & Flails
 - Level 5.0 Dodging
 + Level 3.9 Shields
 * Level 9.4 Unarmed Combat
 - Level 2.0 Spellcasting
 + Level 5.5 Transmutations
 + Level 3.8 Invocations


You had 4 spell levels left.
You knew the following spells:

 Your Spells              Type           Power        Failure   Level  Hunger
a - Beastly Appendage     Trmt           ####..       6%          1    #......
b - Sticks to Snakes      Trmt           ####....     10%         2    ##.....
c - Spider Form           Trmt/Pois      ###.......   54%         3    ###....
d - Ice Form              Ice/Trmt       ###.....     98%         4    #####..


Dungeon Overview and Level Annotations

Branches:
Dungeon (10/15)            Temple (1/1) D:4
   Lair: D:8-11         Orc: D:9-12

Altars:
Ashenzari
Cheibriados
Dithmenos
Elyvilon
Fedhas
Gozag
Kikubaaqudgha
Makhleb
Nemelex Xobeh
Okawaru
Pakellas
Qazlal
Ru
Sif Muna
Trog
Vehumet
Xom
Zin
The Shining One


Innate Abilities, Weirdness & Mutations

You can spit globs of acid.
You are resistant to acid.
Your golden yellow scales are hard (AC +7).
Your body does not fit into most forms of armour.
You are cold-blooded and may be slowed by cold attacks.
You have sharp toenails.
Scrolls take you a little longer to read.
Your body sometimes deteriorates upon taking damage.
You are dopey. (Int -2)
You are frail (-10% HP).
You are somewhat resistant to further mutation.


Message History

Your magical effects are unravelling.
You feel magically purged.
You feel a little less mighty now.
You feel a little less clever now. The centaur skeleton hits you.
* * * LOW HITPOINT WARNING * * *
The orc warrior hits you but does no damage.
The orc priest miscasts a cantrip.
The yak gores you but does no damage. You block the yak's attack.
An orc warrior comes into view. It is wielding a scimitar.
Unknown command.
Unknown command.
Unknown command.
You hit the yak but do no damage.
There is a sudden explosion of sparks!
The yak is heavily wounded.
You feel less woody.
Your +1 pair of boots unmelds from your body.
You block the centaur skeleton's attack.
The orc priest calls down the wrath of Beogh upon you.
Beogh smites you!
You die...

..# #..........##.# #.....#
#. ..# #..........##.#
####.....###. [.#
#..........##.###...).....##.
..#
#..........##................
..#
#..........##.8≈≈≈≈≈≈≈≈≈≈≈≈≈≈
..#
#..........##)≈8≈≈≈≈≈≈≈≈≈≈≈≈≈
..#
#.....).......≈≈.o###########
..# #..........o..≈≈.#...
..###..........Z@Y≈≈##...
.....<.........##Yooooo.o.
............... #Y≈≈##o...
...#.......... #.≈≈.# ..
#..#.......... #.≈≈.'# #
#..#......... #.≈8≈≈≈≈≈
#..#......... #.8≈≈≈≈≈≈
#..#......... #........
#..#......... #..#####.


You could see 3 yaks, 2 orc warriors, 2 orc priests, 4 orcs and a centaur
skeleton.

Vanquished Creatures
  Pikel (D:4)
  A cyclops (D:9)
  The ghost of bollicks1999 the Covert, a novice OpAs (D:5)
  A kobold demonologist (D:9)
  A troll (D:9)
  Prince Ribbit (D:8)
  5 yaks
  2 hippogriffs
  A hungry ghost (D:9)
  A vampire mosquito (D:9)
  4 water moccasins
  2 orc warriors
  A phantom (D:9)
  3 sky beasts
  A slave (D:5)
  5 ogres
  2 necrophages
  4 centaurs
  2 big kobolds (D:8)
  3 giant frogs
  A water moccasin zombie (D:9)
  A wyvern skeleton (D:9)
  11 killer bees
  2 scorpions
  7 wights
  4 howler monkeys (D:7)
  4 electric eels (D:10)
  4 crimson imps
  A quasit (D:8)
  7 hounds
  A jelly (D:6)
  A centaur skeleton (D:6)
  5 orc priests
  A giant frog skeleton (D:9)
  9 orc wizards
  3 iguanas
  3 worker ants
  3 mummies (Ossuary)
  2 howler monkey zombies
  8 gnolls
  A howler monkey skeleton (D:6)
  11 adders
  3 shadow imps
  2 adder zombies
  3 adder skeletons
  A dart slug (D:1)
  6 giant geckos
  34 orcs
  2 ball pythons
  9 bats
  6 giant cockroaches
  A gnoll zombie (Ossuary)
  4 hobgoblins (D:3)
  6 jackals
  10 kobolds
  7 quokkas
  A giant gecko zombie (D:9)
  5 giant newts
  4 goblin zombies (Ossuary)
  3 hobgoblin zombies (Ossuary)
  A jackal zombie (D:6)
  3 kobold zombies (Ossuary)
  3 quokka zombies (Ossuary)
  2 rats
  3 rat zombies (Ossuary)
251 creatures vanquished.

Vanquished Creatures (collateral kills)
  An ugly thing (D:9)
  An orc wizard (D:9)
  An orc (D:9)
3 creatures vanquished.

Grand Total: 254 creatures vanquished

Notes
Turn   | Place    | Note
--------------------------------------------------------------
     0 | D:1      | inmateoo the Draconian Transmuter began the quest for the Orb.
     0 | D:1      | Reached XP level 1. HP: 16/16 MP: 3/3
   150 | D:1      | Reached XP level 2. HP: 15/23 MP: 5/5
  1115 | D:2      | Reached XP level 3. HP: 15/28 MP: 6/6
  1305 | D:2      | Found a blossoming altar of Fedhas.
  1307 | D:2      | Found an opulent altar of Gozag.
  1311 | D:2      | Found a shadowy altar of Dithmenos.
  1840 | D:2      | Learned a level 2 spell: Sticks to Snakes
  1848 | D:2      | Learned a level 3 spell: Spider Form
  1951 | D:3      | Reached XP level 4. HP: 27/35 MP: 2/7
  2844 | D:4      | Reached XP level 5. HP: 37/41 MP: 8/8
  2935 | D:4      | Found a staircase to the Ecumenical Temple.
  2941 | Temple   | Entered the Ecumenical Temple
  3026 | Temple   | Became a worshipper of Cheibriados the Contemplative
  3128 | D:4      | Reached skill level 1 in Maces & Flails
  3334 | D:4      | Reached skill level 5 in Unarmed Combat
  3334 | D:4      | Reached XP level 6. HP: 50/50 MP: 9/9
  3365 | D:4      | Found a deep blue altar of Sif Muna.
  3619 | D:4      | Reached * piety under Cheibriados
  3813 | D:4      | Noticed a hippogriff
  3818 | D:4      | Killed a hippogriff
  3818 | D:4      | Your scales start taking on a golden yellow colour.
  3818 | D:4      | Reached XP level 7. HP: 52/57 MP: 10/10
  4307 | D:5      | Entered Level 5 of the Dungeon
  4430 | D:5      | Noticed Pikel
  4435 | D:5      | Noticed Prince Ribbit
  4819 | D:4      | Killed Pikel
  4819 | D:4      | Reached XP level 8. HP: 33/67 MP: 8/11
  5023 | D:5      | Noticed bollicks1999's ghost (novice OpAs)
  5091 | D:5      | Killed bollicks1999's ghost
  5091 | D:5      | Reached skill level 5 in Fighting
  5091 | D:5      | Reached skill level 5 in Dodging
  5363 | D:6      | Found a sand-covered staircase.
  5435 | Ossuary  | Entered an ossuary
  5551 | Ossuary  | Reached ** piety under Cheibriados
  5698 | D:6      | Gained mutation: Scrolls take you a little longer to read. [potion of mutation]
  5698 | D:6      | Gained mutation: You have sharp toenails. [potion of mutation]
  5698 | D:6      | Gained mutation: You are somewhat resistant to further mutation. [potion of mutation]
  5963 | D:6      | Reached XP level 9. HP: 72/75 MP: 12/12
  6054 | D:6      | Reached skill level 5 in Maces & Flails
  6197 | D:6      | Reached *** piety under Cheibriados
  6364 | D:7      | Reached skill level 1 in Shields
  7151 | D:7      | Learned a level 4 spell: Ice Form
  7262 | D:7      | Reached **** piety under Cheibriados
  7357 | D:7      | Found a glowing golden altar of the Shining One.
  7392 | D:7      | Found a glowing silver altar of Zin.
  7759 | D:8      | Reached skill level 1 in Invocations
  7874 | D:8      | Reached XP level 10. HP: 70/87 MP: 13/13
  7978 | D:8      | Found a white marble altar of Elyvilon.
  7989 | D:8      | Killed Prince Ribbit
  8182 | D:8      | Gained mutation: You are frail (-10% HP). [mutagenic meat]
  8188 | D:8      | Reached skill level 5 in Transmutations
  8831 | D:8      | Gained mutation: You are dopey. (Int -2) [mutagenic meat]
  8832 | D:8      | Gained mutation: Your body sometimes deteriorates upon taking damage. [mutagenic meat]
  8881 | D:9      | Found a shattered altar of Ashenzari.
  8982 | D:9      | Noticed a white ugly thing
  8998 | D:9      | Killed a white ugly thing
  9250 | D:9      | Reached ***** piety under Cheibriados
  9475 | D:9      | Noticed a cyclops
  9481 | D:9      | Killed a cyclops
  9492 | D:9      | Got an ichor-stained shield
  9503 | D:9      | Identified the +2 shield of Beogh's Scorn {rPois Int+3 SInv} (You found it on level 9 of the Dungeon)
  9582 | D:9      | Reached XP level 11. HP: 86/86 MP: 14/14
  9886 | D:10     | Entered Level 10 of the Dungeon
 10075 | D:10     | Killed from afar by an orc priest

Skill      XL: |  1  2  3  4  5  6  7  8  9 10 |
---------------+-------------------------------+-----
Dodging        | 2 3 4 5 |  5.0
Unarmed Combat | 4 5 6 7 8 9 |  9.4
Fighting       | 2 3 4 6 7 9 |  9.2
Maces & Flails | 1 2 3 4 6 7 |  7.8
Transmutations | 3 4 5 |  5.5
Shields        | 2 3 |  3.9
Invocations    | 1 3 |  3.8
Spellcasting   | |  2.0

Action                   |  1- 3 |  4- 6 |  7- 9 | 10-12 || total
-------------------------+-------+-------+-------+-------++-------
Melee: Unarmed           |   105 |     7 |     9 |       ||   121
       Tailslap          |     9 |    24 |    60 |    31 ||   124
       Punch             |     3 |     2 |       |       ||     5
       Flail             |    11 |       |       |       ||    11
       Headbutt          |     2 |     2 |       |       ||     4
       Dagger            |       |    41 |       |       ||    41
       Whip              |       |   107 |   349 |   207 ||   663
 Cast: Beastly Appendage |     3 |       |       |       ||     3
       Sticks to Snakes  |     1 |       |     9 |       ||    10
       Spider Form       |       |       |     1 |       ||     1
Invok: Slouch            |       |       |       |     5 ||     5
 Abil: Spit Acid         |       |       |    10 |     2 ||    12
Evoke: Lamp of fire      |       |       |       |     1 ||     1
  Use: Scroll            |       |    10 |    12 |       ||    22
       Potion            |       |       |     2 |     7 ||     9
 Stab: Sleeping          |     1 |     1 |     5 |     1 ||     8
       Distracted        |       |       |     2 |       ||     2
  Eat: Chunk             |     3 |     6 |     9 |    12 ||    30
       Beef jerky        |       |       |       |     1 ||     1
Armor: Skin              |    54 |    49 |   108 |    39 ||   250
Dodge: Dodged            |    72 |   107 |   287 |    97 ||   563
Block: Buckler           |       |    11 |    72 |    34 ||   117
       Shield            |       |       |       |    29 ||    29
